 Dungeon Crawl Stone Soup version 0.29.1 (webtiles) character file.

Game seed: 6504621253228582794

227 Iusername the Covered (level 5, 0/47 HPs)
             Began as a Minotaur Fighter on Sept 12, 2022.
             Slain by an ogre
             ... wielding a +0 giant club
              (18 damage)
             ... on level 4 of the Dungeon.
             The game lasted 00:04:31 (3750 turns).

Iusername the Covered (Minotaur Fighter)            Turns: 3750, Time: 00:04:31

Health: 0/47       AC: 13    Str: 22    XL:     5   Next: 70%
Magic:  4/4        EV:  6    Int:  5    God:
Gold:   207        SH:  0    Dex: 10    Spells: 4/4 levels left

rFire   . . .      SeeInvis .   a - +0 long sword
rCold   . . .      Faith    .   c - +0 buckler
rNeg    . . .      Spirit   .   n - +0 plate armour
rPois   .          Reflect  .   (helmet restricted)
rElec   .          Harm     .   (no cloak)
rCorr   .          Rampage  .   (no gloves)
Will    .....                   k - +0 pair of boots
Stlth   ..........              (no amulet)
HPRegen 0.15/turn               (no ring)
MPRegen 0.09/turn               (no ring)

@: confused
A: horns 2, retaliatory headbutt
a: no special abilities


You were on level 4 of the Dungeon.
You visited 1 branch of the dungeon, and saw 4 of its levels.

You collected 207 gold pieces.

Inventory:

Hand Weapons
 a - a +0 long sword (weapon)
Missiles
 b - 5 javelins (quivered)
Armour
 c - a +0 buckler (worn)
 k - a +0 pair of boots (worn)
 n - a +0 plate armour (worn)
Jewellery
 o - a +4 ring of protection
 q - a +4 ring of slaying
Scrolls
 d - 2 scrolls of enchant weapon {unknown}
 g - a scroll of blinking {unknown}
 h - a scroll of identify {unknown}
 j - a scroll of enchant armour {unknown}
 l - a scroll of immolation {unknown}
 p - 3 scrolls of summoning {unknown}
Potions
 e - a potion of heal wounds
 f - a potion of brilliance {unknown}
 i - 3 potions of ambrosia {unknown}
 m - 2 potions of curing {unknown}


   Skills:
 + Level 4.6 Fighting
 + Level 4.4 Long Blades
 + Level 0.8 Throwing
 + Level 5.0 Armour
 + Level 0.8 Dodging
 + Level 0.5 Stealth
 + Level 4.5 Shields


You had 4 spell levels left.
You didn't know any spells.
Your spell library contained the following spells:

 Spells                   Type           Power      Damage    Failure   Level
 Ozocubu's Armour         Ice            0%         N/A       100%        3
 Metabolic Englaciation   Hex/Ice        0%         N/A       100%        5
 Simulacrum               Ice/Necr       0%         N/A       100%        6


Dungeon Overview and Level Annotations

Branches:
Dungeon (4/15)
 Temple: D:4-7

Altars:

Portals:
Abyss: D:3

Annotations:
D:3 2 transporters, fleet's ghost, amateur HuMo


Innate Abilities, Weirdness & Mutations

You have a pair of horns on your head.
You reflexively headbutt those who attack you in melee.


Message History

You are too injured to fight recklessly!
Unknown command.
You are too injured to fight recklessly!
Unknown command.
You slash the howler monkey!
You kill the howler monkey!
Your Armour skill increases to level 5!
Things that are here:
a +0 club; an orc corpse You start resting.
HP restored.
You start waiting.
Done waiting.
There is a stone staircase leading down, spattered with blood here.
You climb downwards.
The kobold hits you with a +0 club. The ogre hits you with a +0 giant club.
The gnoll hits you but does no damage. The kobold hits you but does no damage.
The orc wizard gestures at you while chanting.
You resist with some effort. The gnoll hits you but does no damage.
There is a stone staircase leading up, spattered with blood here.
The ogre hits you with a +0 giant club! You block the kobold's attack.
The orc wizard gestures at you while chanting.
You are confused.
The gnoll hits you with a +0 club.
The orc wizard shouts!
In your confused state, you trip and fall back down the stairs.
The gnoll hits you but does no damage. The ogre hits you with a +0 giant club!
* * * LOW HITPOINT WARNING * * *
The kobold hits you but does no damage.
You feel much better.
An orc comes into view. It is wielding a +0 dagger.
The kobold barely misses you.
The orc wizard hits you but does no damage.
The gnoll hits you but does no damage.
You closely miss the gnoll. The ogre hits you with a +0 giant club!
The orc wizard hits you but does no damage.
A kobold comes into view.
It is wielding a +0 dagger and quivering poisoned darts.
The kobold hits you but does no damage. The gnoll hits you but does no damage.
The ogre hits you with a +0 giant club!!
You die...

#. .. .
###.#.# .
#.....##.#
#......#.#
####.......#
...o......##
#.o.....#
#...gK.#
#..o@.##
##..#O# #..
..# ..[.
.#.. #.##.
.##.# #.. #.
.. [# #K #.
.. # # #. ..


You could see an ogre, 2 orc wizards, a gnoll, an orc and 2 kobolds.

Vanquished Creatures
  A howler monkey (D:3)
  A jelly (D:3)
  2 hounds (D:3)
  A gnoll (D:1)
  2 adders
  A worm (D:3)
  4 dart slugs
  An orc (D:3)
  5 ball pythons
  8 endoplasms
  6 goblins
  5 hobgoblins
  2 jackals (D:1)
  6 quokkas
  3 bats
  6 frilled lizards
  5 kobolds
  6 rats
65 creatures vanquished.

Vanquished Creatures (others)
  7 plants (D:2)
7 creatures vanquished.

Grand Total: 72 creatures vanquished

Notes
Turn   | Place    | Note
-------+----------+-------------------------------------------
     0 | D:1      | Iusername the Minotaur Fighter began the quest for the Orb.
     0 | D:1      | Reached XP level 1. HP: 19/19 MP: 0/0
   295 | D:1      | Reached XP level 2. HP: 25/27 MP: 1/1
   588 | D:1      | Reached skill level 4 in Armour
   718 | D:1      | Reached XP level 3. HP: 33/33 MP: 2/2
   748 | D:1      | Found a faded altar of an unknown god.
  2000 | D:2      | Reached XP level 4. HP: 31/40 MP: 3/3
  2818 | D:3      | Found a transporter.
  2824 | D:3      | Found a transporter.
  3017 | D:3      | Found a one-way gate to the infinite horrors of the Abyss.
  3017 | D:3      | Noticed fleet's ghost (amateur HuMo)
  3017 | D:3      | Noticed a small abomination
  3404 | D:3      | Noticed a small abomination
  3472 | D:4      | Noticed an ogre
  3479 | D:3      | Reached XP level 5. HP: 19/47 MP: 4/4
  3490 | D:3      | Reached skill level 5 in Armour
  3750 | D:4      | Slain by an ogre

Illustrated notes

Levels and vault maps discovered:
D:1:      dpeg_arrival_three_same_balls, layout_loops_ring,
          dreamdust_ecumenical_altar_hidden_monk_grotto, hangedman_decor_points,
          st_stairs_10, chequers_serial_rivers_micro_a
D:2:      layout_basic, serial_bayou, serial_bayou_pond_b,
          serial_bayou_crossing, serial_bayou_lagoon_a, serial_bayou_lagoon_b,
          st_stairs_4, minmay_unequal
D:3:      layout_basic, gammafunk_ghost_abyssal_escape
D:4:      layout_rooms, fedhas_altar_1, marbit_many_paths,
          nicolae_wu_jian_immortal_techniques, old_standard_altar, serial_shops,
          kennysheep_mini, interstate_on_off, minmay_ruptured, uniq_menkaure

Skill      XL: |  1  2  3  4  5 |
---------------+----------------+-----
Fighting       | 4 |  4.6
Shields        | 4 |  4.5
Armour         | 4 5 |  5.0
Long Blades    | 3 4 |  4.4
Throwing       | |  0.8
Dodging        | |  0.8
Stealth        | |  0.5

Action                   |  1- 3 |  4- 6 || total
-------------------------+-------+-------++-------
Melee: Long sword        |    92 |    58 ||   150
       Headbutt          |    11 |     8 ||    19
Throw: Javelin           |       |    10 ||    10
  Use: Potion            |     1 |     2 ||     3
Armor: Scale mail        |    51 |     8 ||    59
       Plate armour      |       |    55 ||    55
Dodge: Dodged            |    66 |    21 ||    87
Block: Buckler           |    26 |    15 ||    41
